 Dungeon Crawl Stone Soup version 0.29-a0-2-g12fcac58f8 (webtiles) character file.

Game seed: 5001539587206534034

944 horus123 the Caller (level 8, 0/60 HPs)
             Began as a Human Monk on Jan 27, 2022.
             Was a Priest of Makhleb.
             Slain by a ball python (2 damage)
             ... in a sewer.
             The game lasted 00:14:31 (5065 turns).

horus123 the Caller (Human Monk)                    Turns: 5065, Time: 00:14:32

Health: 0/60       AC:  4    Str: 20    XL:     8   Next: 35%
Magic:  11/12      EV: 11    Int: 13    God:    Makhleb [***...]
Gold:   189        SH:  0    Dex: 24    Spells: 9/12 levels left

rFire   + . .      SeeInvis .   j - +9 dagger "Grim" {holy, rPois rF+ Int+3 Dex+2}
rCold   . . .      Faith    .   (no shield)
rNeg    . . .      Spirit   .   b - +2 robe
rPois   +          Reflect  .   (no helmet)
rElec   .          Harm     .   (no cloak)
rCorr   .          Rampage  .   (no gloves)
Will    .....                   (no boots)
Stlth   +++.......              (no amulet)
HPRegen 0.20/turn               x - +6 ring of dexterity
MPRegen 0.13/turn               s - +6 ring of strength

@: mighty, hasted, constricted, very quick
A: no striking features
a: Renounce Religion, Minor Destruction, Lesser Servant of Makhleb


You were in a sewer.
You worshipped Makhleb.
Makhleb was most pleased with you.
You visited 2 branches of the dungeon, and saw 6 of its levels.
You also visited: Sewer.

You collected 189 gold pieces.

Inventory:

Hand Weapons
 a - a +0 mace
 d - a +2 short sword of distortion
 j - the +9 dagger "Grim" (weapon) {holy, rPois rF+ Int+3 Dex+2}
   (You found it on level 2 of the Dungeon)

   It has been blessed by the Shining One to cause great damage to the undead
   and demons.
   Int:       It affects your intelligence (+3).
   Dex:       It affects your dexterity (+2).
   rF:        It protects you from fire.
   rPois:     It protects you from poison.
 t - a +4 vampiric whip
Missiles
 i - a throwing net (quivered)
Armour
 b - a +2 robe (worn)
 f - a +0 ring mail
 g - a +0 scale mail
 o - the +2 ring mail of the Pleiades {rElec}
   (You found it on level 3 of the Dungeon)

   rElec:     It insulates you from electricity.
Jewellery
 k - a ring of fire
 s - a +6 ring of strength (right hand)
 x - a +6 ring of dexterity (left hand)
Wands
 r - a wand of paralysis (7)
Scrolls
 q - a scroll of magic mapping {unknown}
 v - a scroll of teleportation {unknown}
 w - 2 scrolls of fog
Potions
 e - a potion of magic {unknown}
 h - a potion of flight
 l - a potion of haste
 m - a potion of invisibility {unknown}
 p - a potion of attraction {unknown}
 u - a potion of ambrosia {unknown}
 z - a potion of mutation {unknown}


   Skills:
 - Level 4.0 Fighting
 - Level 3.1 Short Blades
 - Level 3.0 Maces & Flails
 - Level 3.0 Dodging
 - Level 2.0 Stealth
 + Level 2.9 Spellcasting
 - Level 7.0 Summonings


You had 9 spell levels left.
You knew the following spells:

 Your Spells              Type           Power      Damage    Failure   Level
a - Call Canine Familiar  Summ           20%        N/A       4%          3

Your spell library contained the following spells:

 Spells                   Type           Power      Damage    Failure   Level
 Portal Projectile        Hex/Tloc       2%         N/A       56%         3
 Leda's Liquefaction      Hex/Erth       0%         N/A       93%         4
 Alistair's Intoxication  Tmut/Pois      0%         N/A       100%        5
 Borgnjor's Vile Clutch   Necr/Erth      0%         N/A       100%        5
 Eringya's Noxious Bog    Tmut/Pois      0%         N/A       100%        6


Dungeon Overview and Level Annotations

Branches:
Dungeon (6/15)             Temple (1/1) D:4           Sewer (1/1)

Altars:
Ashenzari
Cheibriados
Dithmenos
Elyvilon
Fedhas
Gozag
Hepliaklqana
Kikubaaqudgha
Makhleb
Nemelex Xobeh
Ru
Sif Muna
Trog
Uskayaw
Vehumet
Wu Jian
Xom
Yredelemnul
Zin
The Shining One

Shops:
D:3 [


Message History

The ball python bites you.
* * * LOW HITPOINT WARNING * * *
The frilled lizard bites you.
* * * LOW HITPOINT WARNING * * *
The ball python barely misses you. The ball python closely misses you.
You feel better.
The bullfrog hits you but does no damage.
The ball python barely misses you. The ball python constricts you.
The ball python bites you but does no damage.
The frilled lizard barely misses you. The ball python misses you.
The bullfrog closely misses you. The ball python barely misses you.
The ball python completely misses you. The ball python constricts you.
You completely miss the bullfrog. The ball python bites you.
* * * LOW HITPOINT WARNING * * *
The bullfrog hits you.
* * * LOW HITPOINT WARNING * * *
The frilled lizard bites you.
* * * LOW HITPOINT WARNING * * *
The ball python bites you.
* * * LOW HITPOINT WARNING * * *
The ball python closely misses you. The ball python misses you.
The ball python constricts you.
* * * LOW HITPOINT WARNING * * *
It was a potion of haste.
You feel yourself speed up.
The ball python bites you but does no damage.
The bullfrog hits you.
* * * LOW HITPOINT WARNING * * *
The ball python barely misses you. The frilled lizard misses you.
The ball python barely misses you. The ball python bites you.
* * * LOW HITPOINT WARNING * * *
The ball python constricts you.
* * * LOW HITPOINT WARNING * * *
The ball python misses you. The bullfrog barely misses you.
It was a potion of might.
You feel very mighty all of a sudden. The ball python barely misses you.
The ball python closely misses you. The frilled lizard misses you.
The bullfrog hits you but does no damage.
The ball python bites you.
You die...

≈...##
#..###.≈.≈##
≈≈≈≈≈#
#####≈≈≈≈≈≈#
≈≈≈≈≈#
#≈≈≈≈≈≈#
≈≈≈≈≈#
#≈≈≈≈≈≈#
≈≈≈≈≈#
#≈≈≈≈≈≈#
≈≈≈≈≈#
#≈≈≈≈≈≈#
.≈.≈≈#
#≈≈≈≈≈≈#
...≈≈#
#≈≈≈S≈≈#
.≈..≈#
#≈≈≈l@S#
≈≈≈≈≈#
#≈≈≈SFS#
≈≈≈≈≈#
#≈≈≈#S≈#
≈≈≈≈≈#
#≈≈≈≈≈≈#
≈≈≈≈≈#
#≈≈≈≈≈≈#
≈≈≈≈≈#
#≈≈≈≈≈≈#
≈≈≈≈≈#
#≈≈≈≈≈≈#
≈≈≈≈≈#
#≈≈≈≈≈≈#
≈≈≈.##
#..≈..##


You could see a bullfrog, 5 ball pythons and a frilled lizard.

Vanquished Creatures
  Eustachio (D:6)
  A water moccasin (D:3)
  A black bear (D:6)
  A centaur (D:6)
  A kobold brigand (D:4)
  A bullfrog (Sewer)
  An orc priest (D:6)
  A jelly (D:4)
  Ijyb (D:4)
  An iguana (D:6)
  An orc wizard (D:3)
  A howler monkey zombie (D:6)
  6 adders
  A gnoll (D:3)
  5 river rats (Sewer)
  A worm (D:3)
  3 dart slugs
  10 orcs
  18 ball pythons
  7 endoplasms
  3 giant cockroaches
  5 hobgoblins
  7 jackals
  8 kobolds
  3 quokkas
  8 bats
  9 frilled lizards
  7 goblins
  32 rats
145 creatures vanquished.

Vanquished Creatures (others)
  2 toadstools (D:4)
2 creatures vanquished.

Grand Total: 147 creatures vanquished

Notes
Turn   | Place    | Note
-------+----------+-------------------------------------------
     0 | D:1      | horus123 the Human Monk began the quest for the Orb.
     0 | D:1      | Reached XP level 1. HP: 18/18 MP: 1/1
   331 | D:1      | Reached XP level 2. HP: 24/24 MP: 2/2
   882 | D:1      | Reached XP level 3. HP: 7/30 MP: 3/3
  1436 | D:1      | Reached skill level 1 in Short Blades
  1458 | D:1      | Found a faded altar of an unknown god.
  1665 | D:2      | Identified the +9 dagger "Grim" {holy, rPois rF+ Int+3
                  | Dex+2}
  1928 | D:2      | Reached XP level 4. HP: 31/37 MP: 4/4
  2182 | D:2      | Learned a level 3 spell: Call Canine Familiar
  2280 | D:3      | Reached XP level 5. HP: 38/42 MP: 5/5
  2317 | D:3      | Found Caoweko's Armour Boutique.
  2395 | D:3      | Reached skill level 1 in Spellcasting
  2462 | D:3      | Identified the +2 ring mail of the Pleiades {rElec}
  2548 | D:3      | Noticed a water moccasin
  2570 | D:3      | Killed a water moccasin
  2571 | D:3      | Reached skill level 3 in Summonings
  2571 | D:3      | Reached XP level 6. HP: 6/48 MP: 7/7
  3170 | D:3      | Found a shadowy altar of Dithmenos.
  3174 | D:3      | Found a blossoming altar of Fedhas.
  3179 | D:3      | Found a broken altar of Ashenzari.
  3391 | D:4      | Found an opulent altar of Gozag.
  3410 | D:4      | Noticed Ijyb
  3419 | D:4      | Killed Ijyb
  3691 | D:4      | Reached skill level 4 in Summonings
  3869 | D:4      | Found a staircase to the Ecumenical Temple.
  3880 | Temple   | Entered the Ecumenical Temple
  4055 | Temple   | Became a worshipper of Makhleb the Destroyer
  4055 | Temple   | Reached * piety under Makhleb
  4055 | Temple   | Reached ** piety under Makhleb
  4190 | D:4      | Reached XP level 7. HP: 45/54 MP: 8/8
  4360 | D:4      | You fall into a shaft and drop 2 floors!
  4438 | D:6      | Found a glowing drain.
  4438 | D:6      | Noticed Eustachio
  4455 | D:6      | Reached skill level 5 in Summonings
  4499 | D:6      | Reached skill level 6 in Summonings
  4542 | D:6      | Killed Eustachio
  4543 | D:6      | Reached XP level 8. HP: 22/60 MP: 9/9
  4751 | Sewer    | Entered a sewer
  4790 | Sewer    | Reached skill level 7 in Summonings
  4878 | Sewer    | Reached *** piety under Makhleb
  5064 | Sewer    | HP: 2/60 [ball python (3)]
  5065 | Sewer    | Slain by a ball python

Illustrated notes

Levels and vault maps discovered:
D:1:      tarquinn_simple_flora_water_f, layout_basic,
          shapermc_ecumenical_altar_acropolis, nrook_campfire,
          corexii_item_surrounded_by_moat, minivault_4
D:2:      layout_basic
D:3:      layout_loops_ring, grunt_temple_overflow_diamond, serial_shops, shop,
          minmay_joined_circles
D:4:      layout_layer_cave, mainiacjoe_overflow_six_doors_small,
          minmay_temple_entry_junction_2, amcnicky_mini_rare_corridor_liquid,
          minmay_misc_feat_hallway, minmay_gold_behind_fungi,
          nrook_mini_backslash, uniq_ijyb
D:6:      layout_loops_ring, cheibrodos_sewer_entry_drain, serial_shops,
          nicolae_shop_behind_doors, grunt_ministairs_11, uniq_eustachio,
          uniq_maggie
Temple:   eino_temple_scatter_basement
Sewer:    sewer_minmay_w

Skill      XL: |  1  2  3  4  5  6  7  8 |
---------------+-------------------------+-----
Fighting       | 4 |  4.0
Short Blades   | 2 3 |  3.1
Spellcasting   | 1 2 |  2.9
Summonings     | 3 4 6 7 |  7.0
Maces & Flails | |  3.0
Dodging        | |  3.0
Stealth        | |  2.0

Action                   |  1- 3 |  4- 6 |  7- 9 || total
-------------------------+-------+-------+-------++-------
Melee: Mace              |    71 |       |       ||    71
       Dagger            |    22 |   120 |   157 ||   299
       Short sword       |    22 |       |       ||    22
       Punch             |       |       |     2 ||     2
Throw: Throwing net      |       |     1 |       ||     1
  Use: Scroll            |     1 |     5 |     3 ||     9
       Potion            |       |     1 |     5 ||     6
 Stab: Sleeping          |     3 |     6 |     2 ||    11
Armor: Robe              |    14 |    16 |    30 ||    60
       Ring mail         |    18 |     2 |       ||    20
       Skin              |       |       |    36 ||    36
Dodge: Dodged            |    66 |    49 |   143 ||   258

Table legend: (Time is in decaauts)
 A = Elapsed time spent in this place.
 B = Non-inter-level travel time spent in this place.
 C = Inter-level travel time spent in this place.
 D = Time resting spent in this place.
 E = Time spent auto-exploring this place.
 F = Levels seen in this place.
 G = Mean time per level.
                   A        B        C        D        E       F      G
               +--------+--------+--------+--------+--------+-----+--------+
         Total |   5087 |   4983 |    104 |   1109 |   2589 |   7 |  726.7 |
       Dungeon |   4477 |   4385 |     92 |   1109 |   2293 |   5 |  895.4 |
        Temple |    263 |    251 |     12 |      0 |    147 |   1 |  263.0 |
         Sewer |    346 |    346 |      0 |      0 |    148 |   1 |  346.0 |
               +--------+--------+--------+--------+--------+-----+--------+

Top non-repeatable levels by time:
     D:1: 1560 daAuts
     D:3: 1086 daAuts
     D:4: 787 daAuts
     D:2: 660 daAuts
     D:6: 382 daAuts
   Sewer: 346 daAuts
  Temple: 263 daAuts
